 Dungeon Crawl Stone Soup version 0.22-a0-533-g4d20840 (webtiles) character file.

20 iamserjio the Charmwright (level 2, 0/15 HPs)
             Began as a Vine Stalker Skald on June 22, 2018.
             Slain by a jackal (1 damage)
             ... on level 1 of the Dungeon.
             The game lasted 00:01:50 (157 turns).

iamserjio the Charmwright (Vine Stalker Skald)       Turns: 157, Time: 00:01:51

Health: 0/15       AC:  3    Str: 13    XL:     2   Next: 79%
Magic:  0/6        EV: 11    Int: 13    God:
Gold:   32         SH:  0    Dex: 13    Spells: 4/5 levels left

rFire    . . .     SeeInvis .   f - +0 club
rCold    . . .     Gourm    .   (no shield)
rNeg     . . .     Faith    .   a - +0 leather armour
rPois    .         Spirit   +   (no helmet)
rElec    .         Reflect  .   (no cloak)
rCorr    .         Harm     .   (no gloves)
MR       .....                  (no boots)
Stlth    +.........             (no amulet)
HPRegen  0.05/turn              (no ring)
MPRegen  0.10/turn              (no ring)

@: no status effects
A: fangs 2, magic shield, antimagic bite, no potion heal 3, rot immunity
a: no special abilities


You were on level 1 of the Dungeon.
You were not hungry.

You visited 1 branch of the dungeon, and saw 2 of its levels.

You collected 32 gold pieces.

Inventory:

Hand Weapons
 f - a +0 club (weapon)
Armour
 a - a +0 leather armour (worn)
 e - a +0 chain mail
Scrolls
 b - a scroll of teleportation {unknown}
Potions
 d - a potion of curing {unknown}
Comestibles
 c - 2 rations


   Skills:
 + Level 2.1 Fighting
 - Level 0.7 Armour
 - Level 1.5 Dodging
 * Level 2.9 Unarmed Combat
 - Level 2.1 Spellcasting
 - Level 3.0 Charms


You had 4 spell levels left.
You knew the following spells:

 Your Spells              Type           Power        Failure   Level  Hunger
a - Infusion              Chrm           #...         10%         1    ##.....

Your spell library contained the following spells:

 Spells                   Type           Power        Failure   Level  Hunger
 Regeneration             Chrm/Necr      #.........   45%         3    ####...
 Shroud of Golubria       Chrm/Tloc      #.........   26%         2    ###....
 Song of Slaying          Chrm           #.......     14%         2    ###....
 Spectral Weapon          Hex/Chrm       #.......     45%         3    ####...


Dungeon Overview and Level Annotations

Branches:
Dungeon (2/15)

Altars:


Innate Abilities, Weirdness & Mutations

You have extremely sharp teeth.
When hurt, damage is shared between your health and your magic reserves.
Your bite disrupts and absorbs the magic of your enemies.
Potions cannot restore your health.
You are immune to rotting.


Message History

The jackal bites you.
* * * LOW HITPOINT WARNING * * *
The hobgoblin misses you. The jackal bites you. The hobgoblin hits you.
You hit the hobgoblin but do no damage.
You kill the hobgoblin!
The jackal misses you. The jackal closely misses you.
You miss the jackal. The jackal bites you.
The jackal bites you but does no damage.
You barely miss the jackal. The jackal barely misses you.
The jackal completely misses you.
You hit the jackal. Your bite misses the jackal.
The jackal is almost dead.
The jackal bites you but does no damage.
You barely miss the jackal. Your bite misses the jackal.
The jackal is almost dead.
The jackal closely misses you. x2
You hit the jackal but do no damage. Your bite misses the jackal.
The jackal is almost dead.
The jackal bites you.
You die...

###########... ..K
............#. #..
.............# #.#
#..$.........# #.#
#............# #g#
#..?#....#...# ##.####.#
#...........#
........######.....##....#
#....@hK.....##....#
#.####..#..........### #.#
##....#....#....# #.#
#..............† #l#
##............## #.#
#....###.....# ###
####.##........
...##....### ..# ##.#.#


You could see a jackal and a kobold.

Vanquished Creatures
  An ooze (D:1)
  2 goblins
  2 hobgoblins (D:1)
  A jackal (D:1)
  A kobold (D:1)
  2 quokkas (D:2)
  A bat (D:1)
  2 frilled lizards
  3 rats
15 creatures vanquished.

Notes
Turn   | Place    | Note
-------+----------+-------------------------------------------
     0 | D:1      | iamserjio the Vine Stalker Skald began the quest for the Orb.
     0 | D:1      | Reached XP level 1. HP: 11/11 MP: 4/4
    90 | D:1      | Reached XP level 2. HP: 9/15 MP: 4/6
   157 | D:1      | Slain by a jackal

Vault maps used:
D:1:      dpeg_arrival_central, grunt_decor_clamped, skrybe_limestone_x
D:2:      nicolae_dithmenos_shadow_blocks, first_ration,
          chequers_ecumenical_altar_simple_redux

Skill      XL: |  1 |
---------------+----+-----
Fighting       | 2 |  2.1
Armour         | |  0.7
Dodging        | |  1.5
Unarmed Combat | |  2.9
Spellcasting   | |  2.1
Charms         | |  3.0

Action                   || total
-------------------------++-------
Melee: Unarmed           ||    28
       Bite              ||     9
       Club              ||     9
 Cast: Infusion          ||     3
Armor: Leather armour    ||     8
Dodge: Dodged            ||    24

Table legend:
 A = Spawn XP
 B = Non-spawn XP
 C = Spawn XP percentage of total XP
 D = Spawn monster count
 E = Non-spawn monster count
 F = Spawn count percentage of total count
 G = Total turns spent on level
                    A         B        C        D         E        F      G
               +---------+---------+-------+---------+---------+-------+---------
         Total |       0 |      29 |   0.0 |       0 |      15 |   0.0 |   157
               +---------+---------+-------+---------+---------+-------+---------
           D:1 |       0 |      21 |   0.0 |       0 |      10 |   0.0 |   100
           D:2 |       0 |       8 |   0.0 |       0 |       5 |   0.0 |    57
               +---------+---------+-------+---------+---------+-------+---------
